 Dungeon Crawl Stone Soup version 0.31-a0-66-ge618eeaa78 (webtiles) character file.

Game seed: 10996006975976089811

10250 vishdafish the Cleaver (level 11, -12/102 HPs)
             Began as a Minotaur Berserker on May 22, 2023.
             Was an Elder of Trog.
             Mangled by a catoblepas (27 damage)
             ... on level 1 of the Lair of Beasts.
             The game lasted 00:12:03 (9064 turns).

vishdafish the Cleaver (Minotaur Berserker)         Turns: 9064, Time: 00:12:04

Health: -12/102    AC: 17    Str: 26 (27) XL:     11   Next: 33%
Magic:  10/10      EV: 13    Int:  2 (4)  God:    Trog [****..]
Gold:   577        SH:  0    Dex: 13 (15) Spells: 10/10 levels left

rFire   . . .        K - +0 battleaxe
rCold   . . .        (shield currently unavailable)
rNeg    + . .        i - +0 chain mail
rPois   .            (helmet restricted)
rElec   .            d - +0 cloak
rCorr   .            (no gloves)
SInv    .            M - +2 pair of boots
Will    .....        (no amulet) Stlth
                     c - +6 ring of dexterity
HPRegen 0.37/turn    p - ring of positive energy
MPRegen 0.12/turn

%: no passive effects
@: about to teleport, on berserk cooldown
A: horns 2, retaliatory headbutt
a: Renounce Religion, Berserk, Trog's Hand, Brothers in Arms


You were on level 1 of the Lair of Beasts.
You worshipped Trog.
Trog was greatly pleased with you.
You visited 2 branches of the dungeon, and saw 11 of its levels.

You collected 739 gold pieces.
You spent 162 gold pieces at shops.

Inventory:

Hand Weapons
 a - a +0 hand axe
 K - a +0 battleaxe (weapon)
Missiles
 l - 6 curare-tipped darts (quivered)
Armour
 b - a +0 animal skin
 d - a +0 cloak (worn)
 i - a +0 chain mail (worn)
 M - a +2 pair of boots (worn)
Jewellery
 c - a +6 ring of dexterity (left hand)
 p - a ring of positive energy (right hand)
 u - a ring of fire
 G - a ring of protection from cold
 L - a ring of fire
 N - a ring of poison resistance
Wands
 q - a wand of paralysis (10)
 t - a wand of roots (8)
 w - a wand of flame (18)
 I - a wand of polymorph (15)
 J - a wand of acid (8)
Scrolls
 f - 2 scrolls of vulnerability
 g - 3 scrolls of amnesia
 h - 3 scrolls of poison
 k - 2 scrolls of enchant weapon
 o - a scroll of immolation {unknown}
 r - a scroll of identify
 s - a scroll of silence
 v - 3 scrolls of fog
 y - 2 scrolls of teleportation
 B - 2 scrolls of noise {unknown}
Potions
 e - 2 potions of curing
 m - a potion of mutation {unknown}
 n - 3 potions of enlightenment
 x - a potion of degeneration
 z - a potion of cancellation
 A - a potion of berserk rage {unknown}
 C - a potion of ambrosia {unknown}
 D - a potion of resistance
 E - 2 potions of haste {unknown}
 F - 2 potions of might {unknown}
 H - a potion of heal wounds {unknown}


   Skills:
 + Level 11.3 Fighting
 + Level 11.3 Axes
 + Level 11.0 Armour
 + Level 10.2 Dodging


You had 10 spell levels left.
You didn't know any spells.
Your spell library was empty.

Dungeon Overview and Level Annotations

Branches:
Dungeon (10/15)            Temple (0/1) D:6            Lair (1/5) D:9
    Orc (0/2) D:10

Altars:
Ashenzari
Dithmenos
Elyvilon
Fedhas
Hepliaklqana
Kikubaaqudgha
Makhleb
Qazlal
Ru
Uskayaw
Vehumet
Yredelemnul

Shops:
D:4 (   D:10 ([

Annotations:
D:8 3 runed translucent doors, bmj180's ghost, novice MfIE


Innate Abilities, Weirdness & Mutations

You have a pair of horns on your head.
You reflexively headbutt those who attack you in melee.


Message History

Magic scrolls do not work when you're silenced!
The boulder beetle is no longer petrified.
An elephant comes into view.
The catoblepas gores you!
The catoblepas attacks as you move away!
The catoblepas gores you. The boulder beetle misses you.
Okay, then.
It was a potion of enlightenment.
You feel very buoyant.
You fly up into the air.
The boulder beetle bites you but does no damage.
The catoblepas closely misses you.
It was a potion of degeneration.
There was something very wrong with that liquid.
You feel weakened.
You feel dopey.
You feel clumsy.
The elephant is no longer petrified.
The boulder beetle bites you. The catoblepas closely misses you.
The boulder beetle bites you.
It was a potion of cancellation.
Your magical effects are unravelling.
You feel magically purged.
You feel yourself speed up.
You float gracefully downwards.
Your hearing returns.
Your enlightenment fades.
The catoblepas gores you but does no damage.
The boulder beetle bites you!
* * * LOW HITPOINT WARNING * * *
The catoblepas closely misses you. You furiously retaliate!
You headbutt the catoblepas!
As you read the scroll labelled IDGHOBIL CICAQ, it crumbles to dust.
The scroll dissolves into smoke.
It was a scroll of fog.
The boulder beetle bites you.
* * * LOW HITPOINT WARNING * * *
A bullfrog comes into view.
The catoblepas breathes a plume of calcifying dust at you.
The blast of calcifying dust hits you.
* * * LOW HITPOINT WARNING * * *
As you read the scroll labelled OPYTHU JUELA, it crumbles to dust.
You feel strangely unstable.
It was a scroll of teleportation.
The boulder beetle barely misses you. The catoblepas gores you!!
You die...

..8.# # ###.....#... ..... P.###
#......... ....##
P...###.....#...
.....####....##..†..#...
#......#......††...# .. #
#.........####.....#.. .8
##.§Y§.§..###......... ..
#..§B#§..# #......#+..
.+#.########...#@§.#####.........
......§.......YYY§..............
.....B§........Y.................
.....Y§..........................
....###.#.##....................
... #......#....#..##+#....###.#
.. #......#..F.#......#...# .# Y
#..Y...#....#......#.}.#
#......#)...#......#....


You could see a catoblepas, a boulder beetle, 4 elephants and a bullfrog.

Vanquished Creatures
  A two-headed ogre (D:9)
  Pikel (D:7)
  An unseen horror (D:8)
  2 hornets
  A troll (D:9)
  A shadow (D:9)
  Sigmund (D:6)
  4 wyverns (D:9)
  32 yaks
  A steam dragon (D:8)
  A basilisk (D:9)
  3 water moccasins
  An ice beast (D:8)
  6 orc warriors
  2 sky beasts (D:7)
  A centaur (D:8)
  2 lemures (D:7)
  2 kobold brigands
  A phantom (D:7)
  A gnoll sergeant (D:8)
  A bullfrog (Lair:1)
  A scorpion (D:6)
  5 killer bees (D:8)
  An electric eel (D:8)
  3 howler monkeys
  2 hounds
  3 orc priests
  A jelly (D:5)
  6 iguanas
  3 orc wizards
  3 gnolls (D:8)
  6 adders
  2 white imps
  3 worms
  5 dart slugs
  28 orcs
  4 endoplasms
  2 giant cockroaches
  9 goblins
  3 hobgoblins
  13 kobolds
  5 ball pythons
  A bat (D:1)
  2 frilled lizards
  4 rats
181 creatures vanquished.

Notes
Turn   | Place    | Note
-------+----------+-------------------------------------------
     0 | D:1      | vishdafish the Minotaur Berserker began the quest for the
                  | Orb.
     0 | D:1      | Reached XP level 1. HP: 19/19 MP: 0/0
    40 | D:1      | Found a faded altar of an unknown god.
    43 | D:1      | Reached XP level 2. HP: 20/27 MP: 1/1
   578 | D:2      | You fall into a shaft and drop 1 floor!
   608 | D:3      | Reached XP level 3. HP: 33/33 MP: 2/2
   878 | D:2      | Reached ** piety under Trog
   890 | D:2      | Found a white marble altar of Elyvilon.
  1593 | D:3      | Reached XP level 4. HP: 28/41 MP: 3/3
  1700 | D:4      | Reached XP level 5. HP: 35/47 MP: 4/4
  1958 | D:4      | Reached skill level 5 in Axes
  2245 | D:4      | Found Japtih Woom's Antique Weapon Emporium.
  2795 | D:5      | Entered Level 5 of the Dungeon
  2813 | D:5      | Found a stormy altar of Qazlal.
  2861 | D:5      | Reached skill level 5 in Fighting
  2861 | D:5      | Reached XP level 6. HP: 54/56 MP: 5/5
  2954 | D:5      | Found a sacrificial altar of Ru.
  2979 | D:5      | Found a white marble altar of Elyvilon.
  2979 | D:5      | Identified the +3 dagger of the Lurker {freeze, rC+ Will-
                  | Str+3}
  3207 | D:5      | Found a radiant altar of Vehumet.
  3440 | D:6      | Found a broken altar of Ashenzari.
  3463 | D:6      | Noticed Sigmund
  3472 | D:6      | Killed Sigmund
  3498 | D:6      | Found a staircase to the Ecumenical Temple.
  3577 | D:6      | Reached skill level 5 in Armour
  3577 | D:6      | Reached XP level 7. HP: 61/61 MP: 6/6
  4009 | D:7      | Found an ancient bone altar of Kikubaaqudgha.
  4027 | D:7      | Noticed a hornet
  4033 | D:7      | Killed a hornet
  4034 | D:7      | Reached skill level 5 in Dodging
  4193 | D:7      | Reached XP level 8. HP: 70/71 MP: 7/7
  4268 | D:7      | Found a hide-covered altar of Uskayaw.
  4270 | D:7      | Noticed Pikel
  4290 | D:7      | Killed Pikel
  4616 | D:7      | Found a hazy altar of Hepliaklqana.
  4755 | D:7      | Reached *** piety under Trog
  4940 | D:8      | Reached XP level 9. HP: 45/81 MP: 8/8
  5621 | D:8      | Noticed a boulder beetle
  5621 | D:8      | Noticed bmj180's ghost (novice MfIE)
  5622 | D:8      | Found a runed translucent gate.
  5622 | D:8      | Found a runed translucent gate.
  5622 | D:8      | Found a runed translucent gate.
  5999 | D:8      | Killed an unseen horror
  6318 | D:8      | Found a blossoming altar of Fedhas.
  6458 | D:4      | Bought a battleaxe for 162 gold pieces
  6899 | D:9      | Reached XP level 10. HP: 87/91 MP: 9/9
  6947 | D:9      | Found a staircase to the Lair.
  7152 | D:9      | Reached **** piety under Trog
  7226 | D:9      | Found a shadowy altar of Dithmenos.
  7245 | D:9      | Reached skill level 10 in Fighting
  7245 | D:9      | Reached skill level 10 in Axes
  7308 | D:9      | Found a burning altar of Makhleb.
  7400 | D:9      | Reached skill level 10 in Armour
  7488 | D:9      | Noticed a two-headed ogre
  7495 | D:9      | Killed a two-headed ogre
  7500 | D:9      | Found Funlaw's Antique Armour Emporium.
  7761 | D:9      | Reached XP level 11. HP: 29/101 MP: 10/10
  8147 | D:10     | Entered Level 10 of the Dungeon
  8177 | D:10     | Found Cedwuss's Armour Emporium.
  8177 | D:10     | Found a staircase to the Orcish Mines.
  8302 | D:10     | Found Omyune's Weapon Emporium.
  8535 | D:10     | Found a basalt altar of Yredelemnul.
  8593 | D:10     | Reached skill level 10 in Dodging
  8830 | Lair:1   | Entered Level 1 of the Lair of Beasts
  9034 | Lair:1   | Noticed a boulder beetle
  9037 | Lair:1   | Noticed a catoblepas
  9064 | Lair:1   | Mangled by a catoblepas

Illustrated notes

Levels and vault maps discovered:
D:1:      minmay_arrival_stone_box, layout_loops_ring,
          hellmonk_ecumenical_altar_arch_garden
D:2:      layout_loops_ring, basic_altar
D:3:      layout_basic, uniq_jessica
D:4:      layout_basic, serial_shops, shop, nrook_mini_backslash
D:5:      layout_rooms, mainiacjoe_overflow_small_starburst, elyvilon_altar_1,
          nicolae_ru_the_path_less_chosen, mainiacjoe_overflow_paths
D:6:      layout_basic, nicolae_ashenzari_panopticon, temple_green,
          minmay_misc_feat_square, uniq_sigmund
D:7:      layout_rooms, nicolae_uskayaw_suspiria, amcnicky_altar_gilded,
          mainiacjoe_overflow_surrounded_room, uniq_pikel
D:8:      layout_basic, fedhas_altar_decomposition, gammafunk_ghost_split
D:9:      layout_roguey, mainiacjoe_overflow_alcove_2, grunt_dithmenos_smoke,
          minmay_lair_entry_grove, serial_shops, nicolae_diamond_shop
D:10:     minmay_chambers_of_sixes, layout_gridville, overflow_temple_1_default,
          lemuel_coloured_pillars_altar, orc_david_3, uniq_maurice
Lair:1:   layout_regular_city, serial_bayou_pond_e, st_stairs_3,
          grunt_megastairs_4

Skill      XL: |  1  2  3  4  5  6  7  8  9 10 11 |
---------------+----------------------------------+-----
Fighting       | 4 5 6 7 9 10 11 | 11.3
Axes           | 4 5 6 7 9 10 11 | 11.3
Armour         | 3 4 5 6 7 9 10 11 | 11.0
Dodging        | 3 4 5 6 8 9 10 | 10.2

Action                     |  1- 3 |  4- 6 |  7- 9 | 10-12 || total
---------------------------+-------+-------+-------+-------++-------
  Melee: Hand axe          |    75 |    59 |   186 |       ||   320
         Headbutt          |    14 |    14 |    47 |    39 ||   114
         Punch             |     2 |     1 |     4 |       ||     7
         Battleaxe         |       |       |    10 |   145 ||   155
 Invoke: Berserk           |       |     2 |     5 |     3 ||    10
  Evoke: Wand              |       |       |    16 |     1 ||    17
    Use: Scroll            |       |       |     7 |     4 ||    11
         Potion            |       |       |       |     3 ||     3
   Stab: Paralysed         |       |       |     6 |       ||     6
         Petrified         |       |       |       |     1 ||     1
 Armour: Animal skin       |     5 |       |       |       ||     5
         Chain mail        |    21 |    15 |    92 |    56 ||   184
  Dodge: Dodged            |    40 |    41 |   102 |   113 ||   296

Table legend: (Time is in decaauts)
 A = Elapsed time spent in this place.
 B = Non-inter-level travel time spent in this place.
 C = Inter-level travel time spent in this place.
 D = Time resting spent in this place.
 E = Time spent auto-exploring this place.
 F = Levels seen in this place.
 G = Mean time per level.
                   A        B        C        D        E       F      G
               +--------+--------+--------+--------+--------+-----+--------+
         Total |   9175 |   8512 |    663 |    322 |   7011 |  11 |  834.1 |
       Dungeon |   8935 |   8273 |    662 |    322 |   6834 |  10 |  893.5 |
          Lair |    239 |    239 |      0 |      0 |    177 |   1 |  239.0 |
               +--------+--------+--------+--------+--------+-----+--------+

Top non-repeatable levels by time:
     D:8: 1888 daAuts
     D:9: 1361 daAuts
     D:4: 1161 daAuts
     D:7: 939 daAuts
     D:6: 813 daAuts
     D:1: 580 daAuts
     D:5: 570 daAuts
     D:2: 557 daAuts
     D:3: 550 daAuts
    D:10: 512 daAuts
  Lair:1: 239 daAuts
